 Dungeon Crawl Stone Soup version 0.31.0-1-g2c135a008e (webtiles) character file.

Game seed: 6576583438193476512

44 qw the Shooter (level 3, 0/29 HPs)
             Began as a Djinni Hunter on Jan 23, 2024.
             Slain by an orc
             ... wielding a +0 club
              (2 damage)
             ... on level 3 of the Dungeon.
             The game lasted 00:00:04 (1601 turns).

qw the Shooter (Djinni Hunter)                      Turns: 1601, Time: 00:00:05

Health: 0/29       AC:  5    Str: 10    XL:     3   Next: 85%
Gold:   79         EV: 11    Int: 10    God:
                   SH:  0    Dex: 18

rFire   + + .        a - +1 shortbow
rCold   x . .        (shield currently unavailable)
rNeg    . . .        b - +0 ring mail
rPois   inf          (no helmet)
rElec   .            (no cloak)
rCorr   .            (no gloves)
SInv    .            (boots unavailable)
Will    .....        (no amulet)
Stlth   +            (no ring)
HPRegen 0.24/turn    (no ring)
MPRegen 0.00/turn

%: infuse magic (-1 HP)
@: flying, slowed, very slow
A: sickness immunity, fire resistance 2, cold vulnerability 1, float, innate
caster, HP casting, extra vitality 1
a: no special abilities


You were on level 3 of the Dungeon.
You visited 1 branch of the dungeon, and saw 3 of its levels.

You collected 79 gold pieces.


Innate Abilities, Weirdness & Mutations

You are immune to sickness and miasma.
You are immune to poison.
Your flesh is very heat resistant. (rF++)
You are vulnerable to cold. (rC-)
You float through the air rather than walking.
You learn spells naturally, not from books.
Your magical power is your life essence.
You have superior vitality. (+4 MHP)


   Skills:
 - Level 2.8 Fighting
 - Level 4.0 Ranged Weapons
 + Level 0.0 Armour
 - Level 2.1 Dodging
 - Level 0.7 Stealth


You knew the following spells:

 Your Spells              Type           Power      Damage    Failure   Level
a - Summon Small Mammal   Summ           0%         N/A       69%         1
Your spell library was empty.

Inventory:

Hand Weapons
 a - a +1 shortbow (weapon)
Armour
 b - a +0 ring mail (worn)
Potions
 e - a potion of lignification {unknown}
 f - a potion of curing

Dungeon Overview and Level Annotations

Branches:
Dungeon (3/15)

Altars:

Annotations:
D:3 Natasha


Message History

A hobgoblin comes into view.
You shoot an arrow. The hobgoblin shouts!
The arrow hits Natasha.
Natasha is severely wounded.
You hear a shout!
You shoot an arrow. The arrow barely misses Natasha.
Natasha casts a spell.
You shoot an arrow. The arrow misses Natasha.
You shoot an arrow. The arrow hits Natasha.
Natasha is almost dead.
Natasha casts a spell at you.
You feel yourself slow down.
Natasha extends her claws.
Natasha claws you.
You shoot an arrow. The arrow closely misses Natasha.
The arrow closely misses the hobgoblin.
An orc comes into view. It is wielding a +0 club.
The cerulean imp completely misses you. Natasha claws you.
The cerulean imp hits you from afar with a +1 spear.
Natasha mumbles some strange words.
You feel troubled. Natasha claws you.
You shoot an arrow. The arrow hits Natasha.
Natasha is almost dead.
The orc yells noisily.
The cerulean imp hits you from afar with a +1 spear.
Natasha mumbles some strange words.
The orc closely misses you. The cerulean imp barely misses you.
Natasha claws you.
1600 ||| RETREEEEATING.
The orc closely misses you. Natasha attacks as she pursues you!
Natasha closely misses you. The orc hits you with a +0 club.
The cerulean imp barely misses you.
There is a stone staircase leading up here.
1601 ||| RETREEEEATING.
You shoot an arrow. The arrow closely misses Natasha.
Natasha closely misses you. The orc hits you with a +0 club.
The cerulean imp barely misses you. Natasha claws you.
The orc hits you with a +0 club.
You die...

# ######....
###oh5g.....
#..@##.!....
#.### #....
#.. ... #..
. .... ....
....


You could see Natasha, a cerulean imp (summoned), an orc and a hobgoblin.

Vanquished Creatures
  3 dart slugs (D:1)
  A ribbon worm (D:2)
  3 endoplasms
  5 hobgoblins
  5 jackals (D:1)
  2 quokkas (D:2)
  6 ball pythons
  4 bats
  3 frilled lizards (D:1)
  A kobold (D:1)
  A rat (D:2)
34 creatures vanquished.

Notes
Turn   | Place    | Note
-------+----------+-------------------------------------------
     0 | D:1      | qw the Djinni Hunter began the quest for the Orb.
     0 | D:1      | Reached XP level 1. HP: 18/18 MP: 0/0
     0 | D:1      | 0 ||| qw: Version: 0.3-a-136-gdd3b4e8
     0 | D:1      | 0 ||| qw: Game counter: 1147
     0 | D:1      | 0 ||| qw: Melee chars always use a shield: true
     0 | D:1      | 0 ||| qw: God list: Okawaru
     0 | D:1      | 0 ||| qw: Allow faded altars: false
     0 | D:1      | 0 ||| qw: Do Orc after clearing Dungeon:15 true
     0 | D:1      | 0 ||| qw: Do second Lair branch before Depths: true
     0 | D:1      | 0 ||| qw: Lair rune preference: random
     0 | D:1      | 0 ||| qw: Goals: Normal
     0 | D:1      | 0 ||| PLANNING D:1-11
    51 | D:1      | Reached XP level 2. HP: 23/23 MP: 0/0
   488 | D:1      | Reached XP level 3. HP: 24/28 MP: 0/0
   488 | D:1      | Learned a level 1 spell: Summon Small Mammal
   510 | D:1      | Reached skill level 4 in Ranged Weapons
   761 | D:1      | 761 ||| READING 3 scrolls labelled POTOIN LAREOME.
   762 | D:1      | 762 ||| READING scroll labelled XAUNNE LUPIZIO.
   762 | D:1      | 762 ||| IDENTIFYING murky silvery potion
   763 | D:1      | 763 ||| DROPPING scroll of butterflies.
   764 | D:1      | 764 ||| DROPPING 2 scrolls of amnesia.
  1541 | D:2      | 1541 ||| UPGRADING to +0 ring mail.
  1551 | D:2      | 1551 ||| DROPPING +0 leather armour.
  1552 | D:2      | 1552 ||| READING scroll labelled TYT ETYGGEPHYCW.
  1553 | D:2      | 1553 ||| READING scroll labelled BOCLUB YHAWAD.
  1554 | D:2      | 1554 ||| READING scroll labelled HARAN NOCA.
  1554 | D:2      | 1554 ||| ENCHANTING +0 shortbow.
  1592 | D:3      | Noticed Natasha
  1600 | D:3      | 1600 ||| RETREEEEATING.
  1600 | D:3      | HP: 4/29 [orc/+0 club (4)]
  1601 | D:3      | 1601 ||| RETREEEEATING.
  1601 | D:3      | Slain by an orc

Levels and vault maps discovered:
D:1:      roadster_arrival_rocket_large, layout_loops_ring
D:2:      layout_loops_ring, minmay_pentomino_p2
D:3:      layout_rooms, minitemple, uniq_natasha

Skill      XL: |  1  2  3 |
---------------+----------+-----
Ranged Weapons | 4 |  4.0
Fighting       | |  2.8
Dodging        | |  2.1
Stealth        | |  0.7

Action                     || total
---------------------------++-------
   Fire: Shortbow          ||   122
    Use: Scroll            ||     5
 Armour: Leather armour    ||    22
         Ring mail         ||    10
  Dodge: Dodged            ||    44

Table legend:
 A = Non-vault XP
 B = Vault XP
 C = Vault XP percentage of total XP
 D = Non-vault monster count
 E = Vault monster count
 F = Vault count percentage of total count
                 A         B        C        D         E       F
            +---------+---------+-------+---------+---------+-------
      Total |      61 |       2 |   3.2 |      33 |       1 |   2.9
            +---------+---------+-------+---------+---------+-------
        D:1 |      40 |       0 |   0.0 |      22 |       0 |   0.0
        D:2 |      21 |       2 |   8.7 |      11 |       1 |   8.3
            +---------+---------+-------+---------+---------+-------
